 Dungeon Crawl Stone Soup version 0.24.0-28-g17ded55e90 (webtiles) character file.

Game seed: 4248746118049742095, levelgen mode: deterministic

82488 Iamsoldier the Warrior (level 15, -15/145 HPs)
             Began as a Minotaur Berserker on Nov 12, 2019.
             Was the Champion of Trog.
             Demolished by a sun demon (28 damage)
             ... summoned by a deep elf mage
             ... on level 1 of the Elven Halls.
             The game lasted 01:19:30 (27037 turns).

Iamsoldier the Warrior (Minotaur Berserker)        Turns: 27037, Time: 01:19:31

Health: -15/145    AC: 22    Str: 32    XL:     15   Next: 29%
Magic:  17/17      EV: 18    Int: -1 (2) God:    Trog [******]
Gold:   1302       SH: 23    Dex: 10    Spells: 14/14 levels left

rFire    x . .     SeeInvis +   W - +7 eveningstar of Yliorul {flame, rC+}
rCold    + + +     Gourm    .   B - +2 large shield {AC+3}
rNeg     + + .     Faith    .   h - +6 ring mail of Hiqy {+Blink rCorr Int-4 SInv}
rPois    +         Spirit   .   (helmet restricted)
rElec    +         Reflect  .   f - +1 cloak of Starlight {rElec rC+ EV+4 Stlth--}
rCorr    +         Harm     .   O - +0 pair of gloves
MR       +++..                  s - +0 pair of boots
Stlth    ..........             U - amulet "Zutsela" {RegenMP rC+ rN+ MR++ Str-3}
HPRegen  0.34/turn              S - ring "Niria" {Ice rN+ Str+3 SInv Stlth+}
MPRegen  0.40/turn              i - ring of Accord {rPois Str+4 Int+2}

@: berserk cooldown, slowed, lost intelligence, very slow
A: retaliatory headbutt, horns 2
a: Berserk, Trog's Hand, Brothers in Arms, Renounce Religion, Evoke Blink


You were on level 1 of the Elven Halls.
You worshipped Trog.
Trog was exalted by your worship.
You were near starving.

You visited 4 branches of the dungeon, and saw 23 of its levels.
You also visited: Ossuary.

You collected 2781 gold pieces.
You spent 1479 gold pieces at shops.

Inventory:

Hand Weapons
 W - the +7 eveningstar of Yliorul (weapon) {flame, rC+}
   (You found it on level 10 of the Dungeon)

   It has been specially enchanted to burn those struck by it, causing extra
   injury to most foes and up to half again as much damage against particularly
   susceptible opponents.
   It protects you from cold.
Armour
 f - the +1 cloak of Starlight (worn) {rElec rC+ EV+4 Stlth--}
   (You bought it in a shop on level 8 of the Dungeon)

   It affects your evasion (+4).
   It protects you from cold.
   It insulates you from electricity.
   It makes you much less stealthy.
 h - the +6 ring mail of Hiqy (worn) {+Blink rCorr Int-4 SInv}
   (You bought it in a shop on level 5 of the Dungeon)

   It affects your intelligence (-4).
   It lets you see invisible.
   It lets you blink.
   It provides partial protection from all sources of acid and corrosion.
 s - a +0 pair of boots (worn)
 B - a +2 large shield of protection (worn)
 O - a +0 pair of gloves (worn)
Jewellery
 i - the ring of Accord (right hand) {rPois Str+4 Int+2}
   (You found it on level 6 of the Lair of Beasts)

   [ring of strength]

   It affects your strength (+4).
   It affects your intelligence (+2).
   It protects you from poison.
 S - the ring "Niria" (left hand) {Ice rN+ Str+3 SInv Stlth+}
   (You found it on level 6 of the Lair of Beasts)

   [ring of ice]

   It enhances your ice magic.
   It affects your strength (+3).
   It makes you vulnerable to fire.
   It protects you from cold.
   It protects you from negative energy.
   It lets you see invisible.
   It makes you more stealthy.
 U - the amulet "Zutsela" (around neck) {RegenMP rC+ rN+ MR++ Str-3}
   (You found it on level 1 of the Lair of Beasts)

   [amulet of magic regeneration]

   It increases your magic regeneration.
   It affects your strength (-3).
   It protects you from cold.
   It protects you from negative energy.
   It affects your resistance to hostile enchantments.
Wands
 n - a wand of paralysis (22)
 q - a wand of enslavement (7)
 F - a wand of digging (10)
 H - a wand of flame (85)
 L - a wand of disintegration (20)
 M - a wand of iceblast (23)
 T - a wand of random effects (12)
 X - a wand of polymorph (8)
Scrolls
 a - 6 scrolls of enchant weapon
 e - 9 scrolls of teleportation
 m - 7 scrolls of fog
 o - 7 scrolls of magic mapping
 p - 8 scrolls of remove curse
 r - 5 scrolls of blinking
 y - 5 scrolls of enchant armour
 C - 2 scrolls of vulnerability {unknown}
 D - 6 scrolls of identify
 G - a scroll of acquirement {unknown}
 Q - a scroll of fear
 V - 2 scrolls of holy word {unknown}
Potions
 b - 8 potions of haste {unknown}
 d - 2 potions of cancellation {unknown}
 g - 2 potions of agility {unknown}
 l - a potion of ambrosia {unknown}
 t - a potion of resistance {unknown}
 u - a potion of berserk rage {unknown}
 v - 2 potions of might {unknown}
 w - 3 potions of flight {unknown}
 x - 4 potions of mutation {unknown}
 z - 3 potions of lignification {unknown}
 A - a potion of brilliance {unknown}
 E - 2 potions of magic {unknown}
 I - 4 potions of invisibility
 J - 2 potions of curing
 N - 5 potions of degeneration {unknown}
Miscellaneous
 j - a box of beasts
Comestibles
 c - 21 rations


   Skills:
 + Level 16.4 Fighting
 - Level 15.0 Maces & Flails
 + Level 12.7 Armour
 + Level 11.5 Dodging
 + Level 14.6 Shields
 + Level 4.7 Evocations


You had 14 spell levels left.
You didn't know any spells.
Your spell library was empty.

Dungeon Overview and Level Annotations

Branches:
Dungeon (14/15)            Temple (0/1) D:4            Lair (6/6) D:8
 Shoals (0/4) Lair:3        Snake (0/4) Lair:4        Slime (0/5) Lair:6
    Orc (2/2) D:10            Elf (1/3) Orc:2        Vaults (0/5) D:13
Ossuary (visited)

Altars:
Elyvilon
Beogh

Shops:
D:5 [   D:6 (%}}   D:8 [   D:9 %   D:10 *   D:12 (   Orc:1 (?   Orc:2 (*(=


Innate Abilities, Weirdness & Mutations

You reflexively headbutt those who attack you in melee.
You have a pair of horns on your head.


Message History

You feel much better.
The hell rat disappears in a puff of smoke!
The hellwing disappears in a puff of smoke!
You block the redback's attack. x2; The sun demon hits you!
You are engulfed in flames!!
The fire burns you terribly!
* * * LOW HITPOINT WARNING * * *
The demonic crawler hits you but does no damage.
You block the demonic crawler's attack. x2
The deep elf mage casts a spell.
The redback barely misses you. You furiously retaliate!
You headbutt the redback. You block the redback's attack.
The redback closely misses you. You block the neqoxec's attack.
The deep elf mage casts a spell.
The demonic crawler hits you but does no damage.
The demonic crawler closely misses you. The demonic crawler hits you.
* * * LOW HITPOINT WARNING * * *
The deep elf mage barely misses you. The sun demon hits you.
* * * LOW HITPOINT WARNING * * *
You are engulfed in flames!!
The fire burns you terribly!
You die...

.. .. # #'
# #.#.
###########
e.s.355e..#
.ss.55es3.#
...5s3s@ss#
....5re3s.#
.....55ees#
###########
# #.#s # #+


You could see a demonic crawler, a sun demon, 6 deep elf magi, a neqoxec, 2
ynoxinuls, a jumping spider, 4 tarantellas, 5 redbacks, a hell rat and 8
ufetubi.

Vanquished Creatures
  Rupert (Lair:4)
  A minotaur (Lair:1)
  Snorg (D:10)
  A vault guard (D:13)
  7 hydras
  A hydra (shapeshifter) (D:10)
  Harold (D:7)
  5 two-headed ogres
  2 centaur warriors
  The ghost of ilikeclowns the Cleaver, a novice MiFi of Makhleb (Lair:1)
  A merfolk avatar (Lair:6)
  2 death yaks (Lair:6)
  4 orc high priests (Orc:2)
  3 skeletal warriors (D:11)
  An unseen horror (D:11)
  3 sea snakes (Lair:6)
  Pikel (D:8)
  A necromancer (D:13)
  4 orc knights
  6 ugly things
  3 wizards (D:13)
  A deep elf mage (D:10)
  4 oklob plants (Lair:2)
  An orc sorcerer (Orc:2)
  4 cyclopes
  11 elephants
  2 centaur zombies
  Joseph (D:7)
  A merfolk siren (Lair:3)
  4 black mambas
  A torpor snail (Lair:6)
  A gargoyle (D:10)
  An ice statue (D:9)
  19 spiny frogs
  10 komodo dragons
  3 rime drakes (Lair:6)
  A centaur skeleton (D:12)
  2 efreet
  2 yaktaurs (D:13)
  4 kobold demonologists (D:11)
  5 ice devils (D:9)
  6 trolls
  3 polar bears (Lair:6)
  A wind drake (Lair:6)
  A wind drake (shapeshifter) (D:13)
  A hornet (Lair:6)
  3 blink frogs (Lair:2)
  6 hippogriffs
  2 slime creatures (Lair:6)
  5 dream sheep (Lair:6)
  A meliai zombie (D:12)
  Sigmund (D:3)
  8 wyverns
  A water elemental (D:11)
  33 yaks
  4 hungry ghosts
  17 humans (D:13)
  3 vampire mosquitoes
  A basilisk (Lair:3)
  3 wargs
  12 water moccasins
  12 porcupines
  5 ice beasts
  27 orc warriors
  2 black bears
  4 slaves (D:8)
  11 ogres
  2 sky beasts
  A wolf (D:8)
  4 centaurs
  5 big kobolds
  14 crocodiles
  A gnoll sergeant (D:8)
  15 bullfrogs
  A water moccasin zombie (D:10)
  A water moccasin skeleton (D:11)
  A scorpion (D:7)
  9 killer bees
  A howler monkey (D:9)
  10 wights
  5 electric eels
  3 crimson imps
  3 bullfrog zombies
  6 jellies
  A bullfrog skeleton (D:12)
  6 hounds
  35 orc wizards
  A gnoll shaman (D:8)
  30 orc priests
  A quasit (D:10)
  Terence (D:3)
  An iguana (D:5)
  Natasha (twice) (D:3)
  11 worker ants
  2 hound zombies
  8 mummies (Ossuary)
  A howler monkey zombie (D:5)
  A worker ant zombie (D:10)
  13 gnolls
  A howler monkey skeleton (D:9)
  20 adders
  3 shadow imps
  5 ufetubi (D:9)
  2 worms
  2 dart slugs
  5 leopard geckos
  86 orcs
  15 bats
  3 giant cockroaches
  2 gnoll zombies (Ossuary)
  6 goblins
  5 hobgoblins
  7 jackals
  3 quokkas
  4 frilled lizards
  A goblin zombie (D:5)
  A hobgoblin zombie (Ossuary)
  A jackal zombie (D:5)
  17 kobolds
  4 kobold zombies (Ossuary)
  An orc zombie (Ossuary)
  A quokka skeleton (D:5)
  2 quokka zombies
  15 rats
  2 plants (Lair:2)
711 creatures vanquished.

Vanquished Creatures (others)
  2 ufetubi (D:9)
  18 fungi
  15 plants (Lair:6)
35 creatures vanquished.

Grand Total: 746 creatures vanquished

Notes
Turn   | Place    | Note
-------+----------+-------------------------------------------
     0 | D:1      | Iamsoldier the Minotaur Berserker began the quest for the
                  | Orb.
     0 | D:1      | Reached XP level 1. HP: 19/19 MP: 0/0
   313 | D:1      | Reached XP level 2. HP: 26/27 MP: 1/1
  1122 | D:2      | Reached XP level 3. HP: 33/33 MP: 2/2
  1168 | D:2      | Reached ** piety under Trog
  1592 | D:3      | Reached skill level 5 in Maces & Flails
  1743 | D:3      | Noticed Sigmund
  1757 | D:3      | Killed Sigmund
  1757 | D:3      | Reached XP level 4. HP: 40/40 MP: 3/3
  1757 | D:3      | Reached XP level 5. HP: 46/46 MP: 4/4
  1971 | D:3      | Reached XP level 6. HP: 50/52 MP: 5/5
  2041 | D:3      | Noticed Terence
  2058 | D:3      | Killed Terence
  2101 | D:3      | Reached *** piety under Trog
  2136 | D:3      | Noticed Natasha
  2144 | D:3      | Killed Natasha
  2422 | D:3      | Noticed Natasha
  2424 | D:3      | Killed Natasha
  2633 | D:3      | Reached XP level 7. HP: 58/58 MP: 6/6
  2754 | D:4      | Got a bloodstained ring mail
  2759 | D:4      | Found a staircase to the Ecumenical Temple.
  2773 | D:4      | Identified the +2 ring mail of the City {*Corrode rF++ rC-
                  | rN+++} (You found it on level 4 of the Dungeon)
  2859 | D:4      | Reached skill level 10 in Maces & Flails
  3084 | D:5      | Entered Level 5 of the Dungeon
  3117 | D:5      | Reached **** piety under Trog
  3159 | D:5      | Found a sand-covered staircase.
  3175 | Ossuary  | Entered an ossuary
  3758 | D:5      | Reached skill level 4 in Fighting
  3767 | D:5      | Reached XP level 8. HP: 59/66 MP: 7/7
  4171 | D:5      | Found a white marble altar of Elyvilon.
  4183 | D:5      | Reached skill level 1 in Evocations
  4747 | D:5      | Found Qienly's Antique Armour Shoppe.
  4755 | D:5      | Bought a glowing large shield for 195 gold pieces
  4755 | D:5      | Bought a runed scarf for 208 gold pieces
  5093 | D:6      | Found Cemuih's Gadget Boutique.
  5104 | D:6      | Reached skill level 1 in Shields
  5253 | D:6      | Reached skill level 5 in Fighting
  5321 | D:6      | Found Xaoxirchy's Weapon Boutique.
  5359 | D:6      | Found Xesofeju's Food Shoppe.
  5389 | D:6      | Found Giomueza's Gadget Shop.
  5664 | D:7      | Noticed Joseph
  5699 | D:7      | Killed Joseph
  5700 | D:7      | Reached XP level 9. HP: 75/75 MP: 9/9
  5718 | D:7      | Reached skill level 6 in Fighting
  6054 | D:7      | Reached ***** piety under Trog
  6107 | D:7      | Noticed Harold
  6124 | D:7      | Killed Harold
  6124 | D:7      | Reached skill level 7 in Fighting
  6124 | D:7      | Reached skill level 5 in Armour
  6124 | D:7      | Reached skill level 5 in Shields
  6285 | D:7      | Reached skill level 5 in Dodging
  6506 | D:8      | Noticed a troll
  6506 | D:8      | Noticed a two-headed ogre
  6515 | D:7      | Killed a two-headed ogre
  6515 | D:7      | Reached skill level 8 in Fighting
  6515 | D:7      | Reached XP level 10. HP: 88/88 MP: 10/10
  6612 | D:8      | Noticed a two-headed ogre
  6630 | D:8      | Killed a two-headed ogre
  7018 | D:8      | Noticed Pikel
  7041 | D:8      | Killed Pikel
  7041 | D:8      | Reached skill level 9 in Fighting
  7402 | D:8      | Found Munissoh's Armour Boutique.
  7639 | D:8      | Found a staircase to the Lair.
  8262 | Lair:1   | Entered Level 1 of the Lair of Beasts
  8262 | Lair:1   | Noticed a spiny frog
  8274 | Lair:1   | Killed a spiny frog
  8285 | Lair:1   | Noticed a spiny frog
  8290 | Lair:1   | Killed a spiny frog
  8428 | Lair:1   | Noticed a spiny frog
  8435 | Lair:1   | Killed a spiny frog
  8472 | Lair:1   | Noticed a spiny frog
  8481 | Lair:1   | Killed a spiny frog
  8481 | Lair:1   | Reached XP level 11. HP: 95/99 MP: 11/11
  8497 | Lair:1   | Received a gift from Trog
  8500 | Lair:1   | Reached skill level 10 in Fighting
  8678 | Lair:1   | Found a runed translucent gate.
  8679 | Lair:1   | Found a runed translucent gate.
  8680 | Lair:1   | Found a runed translucent gate.
  8683 | Lair:1   | Noticed ilikeclowns's ghost (novice MiFi)
  8686 | Lair:1   | Noticed a minotaur
  9283 | Lair:1   | You fall into a shaft and drop 1 floor!
  9284 | Lair:2   | Noticed an oklob plant
  9284 | Lair:2   | Noticed an oklob plant
  9284 | Lair:2   | Noticed an oklob plant
  9375 | Lair:2   | Noticed an oklob plant
  9403 | Lair:2   | Killed an oklob plant
  9993 | Lair:1   | Reached skill level 10 in Shields
 10322 | Lair:2   | Reached skill level 11 in Fighting
 10483 | Lair:2   | Noticed a six-headed hydra
 10492 | Lair:2   | Killed a six-headed hydra
 11143 | Lair:2   | Killed an oklob plant
 11147 | Lair:2   | HP: 4/104 [acid (12)]
 11786 | Lair:2   | Killed an oklob plant
 11786 | Lair:2   | Reached XP level 12. HP: 54/112 MP: 12/12
 12407 | Lair:3   | Reached skill level 12 in Fighting
 12591 | Lair:3   | Found a staircase to the Shoals.
 12794 | Lair:3   | Noticed a seven-headed hydra
 12802 | Lair:3   | Killed a seven-headed hydra
 13641 | Lair:4   | Found a staircase to the Snake Pit.
 13736 | Lair:4   | Noticed Rupert
 13745 | Lair:4   | Killed Rupert
 14122 | Lair:4   | Reached skill level 13 in Fighting
 14886 | Lair:5   | Noticed a four-headed hydra
 14894 | Lair:5   | Killed a four-headed hydra
 15188 | Lair:5   | Reached XP level 13. HP: 102/122 MP: 13/13
 15423 | Lair:5   | Reached skill level 10 in Armour
 15732 | Lair:6   | Entered Level 6 of the Lair of Beasts
 16115 | Lair:6   | Reached skill level 14 in Fighting
 16858 | Lair:6   | Got a pitted bone ring
 16871 | Lair:6   | Got a warped copper ring
 16874 | Lair:6   | Identified the ring "Niria" {Ice rN+ Str+3 SInv Stlth+}
                  | (You found it on level 6 of the Lair of Beasts)
 16875 | Lair:6   | Identified the ring of Accord {rPois Str+4 Int+2} (You
                  | found it on level 6 of the Lair of Beasts)
 17368 | Lair:6   | Found a staircase to the Slime Pits.
 17569 | Lair:6   | Received a gift from Trog
 17582 | Lair:6   | Reached skill level 10 in Dodging
 18070 | Lair:6   | Reached skill level 15 in Fighting
 19119 | D:9      | Found Udechu's Food Shop.
 19518 | D:9      | Reached XP level 14. HP: 123/135 MP: 14/14
 19926 | D:9      | Reached ****** piety under Trog
 19926 | D:9      | Received a gift from Trog
 19934 | D:9      | Got a shimmering morningstar {god gift}
 19935 | D:9      | Identified the +2 morningstar of Hacking and Slashing
                  | {flame, rF- Str+2 SInv} (Trog gifted it to you on level 9
                  | of the Dungeon)
 20427 | D:10     | Entered Level 10 of the Dungeon
 20574 | D:10     | Identified the +7 eveningstar of Yliorul {flame, rC+} (You
                  | found it on level 10 of the Dungeon)
 20594 | D:10     | You fall into a shaft and drop 3 floors!
 21136 | D:10     | Noticed Snorg
 21141 | D:10     | Killed Snorg
 21265 | D:10     | Received a gift from Trog
 21439 | D:10     | Found Olecasch's Serpentskin Sales.
 21527 | D:10     | Found a staircase to the Orcish Mines.
 21782 | D:8      | Bought the +1 cloak of Starlight {rElec rC+ EV+4 Stlth--}
                  | for 534 gold pieces
 21782 | D:8      | Found the +1 cloak of Starlight {rElec rC+ EV+4 Stlth--}
 21911 | D:5      | Bought a crude ring mail for 234 gold pieces
 21911 | D:5      | Identified the +6 ring mail of Hiqy {+Blink rCorr Int-4
                  | SInv} (You bought it in a shop on level 5 of the Dungeon)
 22918 | D:12     | Received a gift from Trog
 23164 | D:12     | Found Kirch's Weapon Boutique.
 23490 | D:12     | Reached skill level 16 in Fighting
 24407 | D:13     | Found a gate to the Vaults.
 25303 | D:14     | Reached skill level 15 in Maces & Flails
 25303 | D:14     | Reached XP level 15. HP: 144/144 MP: 16/16
 25536 | Lair:1   | Killed ilikeclowns's ghost
 25545 | Lair:1   | Got a scintillating steel amulet
 25551 | Lair:1   | Identified the amulet "Zutsela" {RegenMP rC+ rN+ MR++
                  | Str-3} (You found it on level 1 of the Lair of Beasts)
 25687 | Orc:1    | Entered Level 1 of the Orcish Mines
 25718 | Orc:1    | Received a gift from Trog
 25977 | Orc:1    | Found Rodgh's Antique Weapon Shoppe.
 26108 | Orc:1    | Found Weliulai's Magic Scroll Boutique.
 26111 | Orc:1    | Bought a scroll of teleportation for 48 gold pieces
 26111 | Orc:1    | Bought a scroll of magic mapping for 56 gold pieces
 26111 | Orc:1    | Bought a scroll of identify for 32 gold pieces
 26111 | Orc:1    | Bought a scroll of identify for 32 gold pieces
 26111 | Orc:1    | Bought a scroll of identify for 32 gold pieces
 26111 | Orc:1    | Bought a scroll of teleportation for 48 gold pieces
 26181 | Orc:2    | Entered Level 2 of the Orcish Mines
 26281 | Orc:2    | Found a staircase to the Elven Halls.
 26379 | Orc:2    | Found a roughly hewn altar of Beogh.
 26431 | Orc:2    | Received a gift from Trog
 26486 | Orc:2    | Lost intelligence.
 26667 | Orc:2    | Found Niorusugh's Antique Weapon Shoppe.
 26667 | Orc:2    | Found Syemedec's Antique Weapon Emporium.
 26667 | Orc:2    | Found Fimnox's General Store.
 26670 | Orc:2    | Found Oneilocy's Jewellery Shoppe.
 26677 | Orc:2    | Bought a ration for 60 gold pieces
 27008 | Elf:1    | Entered Level 1 of the Elven Halls
 27037 | Elf:1    | Demolished by a sun demon

Levels and vault maps discovered:
D:1:      enne_arrival_octagon_isle, layout_basic, st_stairs_14,
          kennysheep_another_room
D:2:      layout_basic, chequers_garden, minmay_rat_gold_closets
D:3:      layout_basic, first_ration, uniq_terence, uniq_natasha, uniq_sigmund
D:4:      layout_rooms, minmay_temple_entry_offerings, serial_park_tiny_2
D:5:      layout_layer_cave, elyvilon_altar_5, enter_ossuary_4, serial_shops,
          nicolae_shop_crystal, minmay_misc_feat_room
D:6:      layout_loops_ring, serial_shops, shop_statue, kennysheep_mini_moat,
          shop, shop, mrwooster_statue_mirror
D:7:      layout_loops_ring, uniq_harold, uniq_joseph
D:8:      layout_basic, erik_lair_island, serial_shops, shop, uniq_pikel
D:9:      cheibrodos_frozen_isle, layout_basic, serial_shops, shop,
          blue_anna_alchemist [blue_anna_fruit_fields, blue_anna_fruit_fields],
          nrook_pool_corridor, kennysheep_generic_room_6
D:10:     minmay_the_grid_3x3 [minmay_the_grid_spin_star, minmay_the_grid_paths,
          minmay_the_grid_armoury, minmay_the_grid_zigzag_pyramid,
          minmay_the_grid_mess, minmay_the_grid_minigrid_small,
          minmay_the_grid_large_cup, minmay_the_grid_eight,
          minmay_the_grid_prize_four_corners_diamond_a], layout_basic,
          hiddenorc1_lemuel, guppyfry_shop_venom, uniq_snorg
D:11:     layout_basic
D:12:     layout_loops_ring, serial_shops, shop
D:13:     layout_layer_cave, grunt_vaults_entry_tiered
D:14:     lemuel_ogre_cave, layout_long_grid, serial_bayou_pond_a
Lair:1:   layout_long_grid, maelrawn_ghost_gauntlet_escape, serial_bayou_shore_b
Lair:2:   minmay_lair_oklob_tunnel, layout_gridlike,
          infiniplex_staircase_pool_2, serial_bayou_shore_a
Lair:3:   layout_regular_city, minmay_shoals_entry_lonely_mermaid,
          chequers_serial_rivers_room_b, serial_bayou_lagoon_a
Lair:4:   layout_regular_city, dummy_snake_entry, uniq_rupert
Lair:5:   layout_cave_pods, st_stairs_11
Lair:6:   gammafunk_lair_ancient_temple, layout_regular_city,
          minmay_slime_entry_pillars
Orc:1:    layout_caves, serial_shops, shop, nicolae_shop_behind_doors
Orc:2:    st_orc_mages, layout_diamond_mine, minmay_orc_temple_a
Elf:1:    minmay_elf_arrival_summoners, layout_onion_city, minmay_elf_necromancy

Skill      XL: |  1  2  3  4  5  6  7  8  9 10 11 12 13 14 15 |
---------------+----------------------------------------------+-----
Maces & Flails | 4 7 9 11 12 13 14 15 | 15.0
Fighting       | 4 5 8 9 11 13 15 16 | 16.4
Dodging        | 4 5 6 7 8 10 11 | 11.5
Armour         | 4 5 7 8 9 11 12 | 12.7
Evocations     | 2 3 4 |  4.7
Shields        | 3 6 8 11 12 13 14 | 14.6

Action                   |  1- 3 |  4- 6 |  7- 9 | 10-12 | 13-15 || total
-------------------------+-------+-------+-------+-------+-------++-------
Melee: Mace              |    93 |    37 |    11 |   590 |   515 ||  1246
       Headbutt          |    11 |    11 |    51 |   178 |   264 ||   515
       Flail             |       |    58 |   222 |       |       ||   280
       Eveningstar       |       |       |       |       |   600 ||   600
Throw: Boomerang         |       |       |       |       |     8 ||     8
Invok: Berserk           |     1 |     3 |     6 |    14 |    18 ||    42
       Trog's Hand       |     1 |     1 |       |     2 |       ||     4
Evoke: Wand              |       |       |       |       |     1 ||     1
  Use: Scroll            |       |       |    14 |     4 |    12 ||    30
       Potion            |       |       |     2 |     7 |     8 ||    17
 Stab: Invisible         |       |       |       |       |     1 ||     1
  Eat: Chunk             |     3 |     6 |     8 |    18 |    38 ||    73
       Ration            |       |       |     3 |     7 |     6 ||    16
Armor: Animal skin       |    12 |       |       |       |       ||    12
       Ring mail         |    38 |    17 |     8 |    77 |   285 ||   425
       Scale mail        |       |    25 |    63 |       |       ||    88
Dodge: Dodged            |    64 |    60 |    80 |   119 |   424 ||   747
Block: Large shield      |       |       |    59 |   442 |  1240 ||  1741
